 Dungeon Crawl Stone Soup version 0.26.1-11-gd32895ea62 (webtiles) character file.

Game seed: 272407205089065040

37 nothank2 the Cudgeller (level 3, -1/23 HPs)
             Began as a Gargoyle Fighter on July 10, 2021.
             Slain by a wight
             ... wielding a +3 dire flail
              (6 damage)
             ... on level 2 of the Dungeon.
             The game lasted 00:02:06 (1204 turns).

nothank2 the Cudgeller (Gargoyle Fighter)           Turns: 1204, Time: 00:02:08

Health: -1/23      AC: 10    Str: 20    XL:     3   Next: 41%
Magic:  3/3        EV:  7    Int:  8    God:
Gold:   40         SH:  9    Dex:  9    Spells: 2/2 levels left

rFire    . . .     SeeInvis .   a - +0 flail
rCold    . . .     Faith    .   c - +0 kite shield
rNeg     + . .     Spirit   .   b - +0 scale mail
rPois    ∞         Reflect  .   (no helmet)
rElec    +         Harm     .   (no cloak)
rCorr    .         Rampage  .   (no gloves)
Will     .....                  (no boots)
Stlth    ..........             (no amulet)
HPRegen  0.07/turn              (no ring)
MPRegen  0.08/turn              (no ring)

@: no status effects
A: negative energy resistance 1, electricity resistance, unbreathing,
petrification resistance, miasma immunity, AC +3
a: no special abilities


You were on level 2 of the Dungeon.
You visited 1 branch of the dungeon, and saw 2 of its levels.

You collected 40 gold pieces.

Inventory:

Hand Weapons
 a - a +0 flail (weapon)
Missiles
 e - 2 datura-tipped darts (quivered)
Armour
 b - a +0 scale mail (worn)
 c - a +0 kite shield (worn)
 j - a +0 ring mail of cold resistance
Scrolls
 g - 3 scrolls of identify {unknown}
 h - a scroll of blinking {unknown}
 i - a scroll of enchant armour {unknown}
Potions
 d - a potion of might
 f - a potion of brilliance {unknown}


   Skills:
 - Level 3.2 Fighting
 + Level 3.7 Maces & Flails
 - Level 3.2 Armour
 - Level 3.2 Shields


You had 2 spell levels left.
You didn't know any spells.
Your spell library was empty.

Dungeon Overview and Level Annotations

Branches:
Dungeon (2/15)

Altars:
Kikubaaqudgha
Xom
Zin


Innate Abilities, Weirdness & Mutations

You are resistant to torment.
Your stone body is resilient. (AC +3)
You are immune to poison.
You resist negative energy. (rN+)
You are resistant to electric shocks. (rElec)
You can survive without breathing.
You are immune to petrification.
You are immune to miasma.


Message History

The wight is severely damaged.
You block the wight's attack.
You closely miss the wight.
The wight is severely damaged.
The wight hits you but does no damage. x2
You closely miss the wight.
The wight is severely damaged.
The wight hits you from afar with a +3 halberd.
You closely miss the wight.
The wight is severely damaged.
The wight hits you but does no damage. The wight closely misses you.
You block the wight's attack. The wight hits you but does no damage.
You closely miss the wight.
The wight is severely damaged.
The wight barely misses you.
The wight hits you with a +1 great sword!
Ouch! That really hurt!
* * * LOW HITPOINT WARNING * * *
The wight hits you with a +3 dire flail.
You die...

... ###.. .... ..
#.. #.# #.###.#
#..##.# ##z##.# .#
#zz#.# ..# ##@#.#
#..# ##...# #..#
#....#####..#
##.#.........####
#................+
...########.....##
##. ....##....#.#
. ._.....⌠..# .
.≈..≈≈....#


You could see 3 wights.

Vanquished Creatures
  A worm (D:2)
  A dart slug (D:2)
  2 leopard geckos (D:1)
  3 bats (D:1)
  2 giant cockroaches (D:1)
  3 goblins (D:1)
  A hobgoblin (D:1)
  7 jackals (D:1)
  3 frilled lizards (D:1)
  2 kobolds (D:1)
  A leopard gecko skeleton (D:2)
  2 rats (D:1)
28 creatures vanquished.

Notes
Turn   | Place    | Note
-------+----------+-------------------------------------------
     0 | D:1      | nothank2 the Gargoyle Fighter began the quest for the Orb.
     0 | D:1      | Reached XP level 1. HP: 14/14 MP: 1/1
   252 | D:1      | Reached XP level 2. HP: 19/19 MP: 2/2
   573 | D:1      | Reached XP level 3. HP: 15/23 MP: 3/3
  1145 | D:2      | Found a glowing silver altar of Zin.
  1145 | D:2      | Found a shimmering altar of Xom.
  1145 | D:2      | Noticed an angel
  1169 | D:2      | Found an ancient bone altar of Kikubaaqudgha.
  1204 | D:2      | Slain by a wight

Illustrated notes

Levels and vault maps discovered:
D:1:      psy_arrival_fountain, layout_loops_ring, serial_glass,
          glass_columns_b, glass_columns_a, st_stairs_9, minmay_pentomino_x4
D:2:      layout_basic, grunt_temple_overflow_order_and_chaos_1,
          kiku_gazebo_pond_becter, led_sif_pool, minmay_pentomino_pile

Skill      XL: |  1  2 |
---------------+-------+-----
Maces & Flails | 3 |  3.7
Fighting       | |  3.2
Armour         | |  3.2
Shields        | |  3.2

Action                   || total
-------------------------++-------
Melee: Flail             ||   109
Armor: Scale mail        ||    99
Dodge: Dodged            ||    45
Block: Kite shield       ||    71
